 Dungeon Crawl Stone Soup version 0.29-a0-1027-gcd8c55af63 (webtiles) character file.

Game seed: 3274449708071583706

963 frimble the Slasher (level 7, -3/46 HPs)
             Began as a Demonspawn Earth Elementalist on Aug 13, 2022.
             Killed from afar by a white imp (12 damage)
             ... with a puff of frost
             ... on level 5 of the Dungeon.
             The game lasted 00:04:13 (3069 turns).

frimble the Slasher (Demonspawn Earth Elementalist) Turns: 3069, Time: 00:04:14

Health: -3/46      AC:  7    Str:  8    XL:     7   Next: 92%
Magic:  10/10      EV: 12    Int: 16    God:
Gold:   252        SH:  0    Dex: 16    Spells: 9/10 levels left

rFire   . . .      SeeInvis .   p - +0 falchion
rCold   . . .      Faith    .   (no shield)
rNeg    . . .      Spirit   .   a - +0 robe
rPois   .          Reflect  .   (no helmet)
rElec   .          Harm     .   (no cloak)
rCorr   .          Rampage  .   (no gloves)
Will    .....                   o - +0 pair of boots
Stlth   ++........              g - amulet of regeneration
HPRegen 0.95/turn               h - +4 ring of protection
MPRegen 0.12/turn               m - ring of wizardry

@: no status effects
A: hooves 1, powered by pain 1, spiny 1
a: no special abilities


You were on level 5 of the Dungeon.
You visited 1 branch of the dungeon, and saw 5 of its levels.

You collected 252 gold pieces.

Inventory:

Hand Weapons
 e - a +0 dagger
 p - a +0 falchion (weapon)
Missiles
 i - a throwing net
Armour
 a - a +0 robe (worn)
 o - a +0 pair of boots (worn)
Jewellery
 g - an amulet of regeneration (around neck)
 h - a +4 ring of protection (left hand)
 m - a ring of wizardry (right hand)
 q - an amulet of the acrobat
Scrolls
 d - 2 scrolls of amnesia
 l - 5 scrolls of teleportation
 n - 3 scrolls of butterflies
 s - a scroll of enchant weapon
Potions
 b - a potion of magic
 c - a potion of curing
 f - a potion of attraction
 k - a potion of ambrosia
 r - a potion of resistance {unknown}
 t - a potion of lignification
 u - a potion of heal wounds {unknown}
 v - a potion of mutation {unknown}


   Skills:
 - Level 1.5(5.1) Short Blades
 + Level 7.8(7.9) Long Blades
 - Level 2.0 Dodging
 - Level 2.0 Stealth
 - Level 2.1 Spellcasting
 - Level 1.1 Transmutations
 - Level 2.8 Earth Magic


You had 9 spell levels left.
You knew the following spells:

 Your Spells              Type           Power      Damage    Failure   Level
a - Sandblast             Erth           20%        2d7       2%          1

Your spell library contained the following spells:

 Spells                   Type           Power      Damage    Failure   Level
 Passwall                 Tmut/Erth      6%         N/A       6%          2
 Stone Arrow              Conj/Erth      12%        3d7       14%         3
 Petrify                  Tmut/Erth      8%         N/A       32%         4
 Animate Armour           Summ/Erth      12%        N/A       41%         4
 Lehudib's Crystal Spear  Conj/Erth      3%         10d2      100%        8


Dungeon Overview and Level Annotations

Branches:
Dungeon (5/15)
 Temple: D:4-7

Altars:

Shops:
D:2 =

Portals:
Abyss: D:5

Annotations:
D:5 2 transporters, ragingrage's ghost, novice VSCK


Innate Abilities, Weirdness & Mutations

You have large cloven feet.
You sometimes gain a little power by taking damage.
You are partially covered in sharp spines.


Message History

The steam dragon is severely wounded.
The steam dragon is struck by your spines.
The steam dragon bites you. The steam dragon barely misses you.
The white imp closely misses you.
You closely miss the steam dragon.
The steam dragon is severely wounded.
The white imp hits you but does no damage.
The steam dragon bites you but does no damage.
The steam dragon barely misses you.
You barely miss the steam dragon.
The steam dragon is severely wounded.
The white imp closely misses you.
The steam dragon is struck by your spines.
The steam dragon closely misses you. x2
You barely miss the steam dragon.
The steam dragon is almost dead.
The white imp hits you but does no damage.
The steam dragon is struck by your spines.
The steam dragon bites you. The steam dragon closely misses you.
You barely miss the steam dragon.
The steam dragon is almost dead.
The white imp gestures at you. The puff of frost hits you!
* * * LOW HITPOINT WARNING * * *
The steam dragon is struck by your spines.
You kill the steam dragon!
You completely miss the white imp.
The white imp is almost dead.
The white imp gestures at you. The puff of frost misses you.
You barely miss the white imp.
The white imp is almost dead.
The white imp gestures at you. The puff of frost hits you.
* * * LOW HITPOINT WARNING * * *
You closely miss the white imp.
The white imp is almost dead.
The white imp gestures at you. The puff of frost hits you!
You die...

###.###.........
................©
...............#
...............#
.!.............#
..............#
..............#
......5.......#
....../@###...##
###.# ........#
##...###...##
........#
##.....#?# ..
####....#
#.....##.##.##
......#
#....##W^. ©.
.......# #...##
?.#### #......##
#...#.#. #..##
#......
#...##©###...#
#....###......


You could see a white imp.

Vanquished Creatures
  Grinder (D:4)
  A steam dragon (D:5)
  An ogre (D:5)
  A phantom (D:4)
  A scorpion (D:5)
  A jelly (D:5)
  2 orc priests (D:5)
  4 iguanas
  2 orc wizards
  2 gnolls (D:5)
  5 adders
  An ufetubus (D:3)
  3 worms
  3 dart slugs
  3 orcs
  8 ball pythons
  2 bats (D:2)
  6 endoplasms
  14 giant cockroaches
  8 goblins
  3 hobgoblins
  3 jackals (D:1)
  3 quokkas
  6 frilled lizards
  10 kobolds
  3 rats
97 creatures vanquished.

Notes
Turn   | Place    | Note
-------+----------+-------------------------------------------
     0 | D:1      | frimble the Demonspawn Earth Elementalist began the quest
                  | for the Orb.
     0 | D:1      | Reached XP level 1. HP: 13/13 MP: 3/3
    61 | D:1      | Reached skill level 1 in Transmutations
   140 | D:1      | Gained mutation: You are partially covered in sharp spines.
                  | [demonic ancestry]
   140 | D:1      | Reached XP level 2. HP: 13/19 MP: 1/5
   736 | D:1      | Reached skill level 1 in Short Blades
   801 | D:2      | Found Ibugu's One-of-a-Kind Rings.
   889 | D:2      | Found a faded altar of an unknown god.
   979 | D:2      | Reached XP level 3. HP: 24/24 MP: 6/6
  1325 | D:2      | Reached skill level 1 in Long Blades
  1544 | D:3      | Gained mutation: You sometimes gain a little power by
                  | taking damage. [demonic ancestry]
  1544 | D:3      | Reached XP level 4. HP: 26/30 MP: 7/7
  1675 | D:3      | Reached skill level 2 in Long Blades
  1966 | D:3      | Reached skill level 3 in Long Blades
  1993 | D:3      | Reached XP level 5. HP: 35/35 MP: 8/8
  2368 | D:4      | Noticed Grinder
  2399 | D:4      | Killed Grinder
  2400 | D:4      | Reached skill level 5 in Long Blades
  2400 | D:4      | Gained mutation: You have large cloven feet. [demonic
                  | ancestry]
  2400 | D:4      | Reached XP level 6. HP: 13/41 MP: 7/9
  2701 | D:5      | Entered Level 5 of the Dungeon
  2718 | D:5      | Reached skill level 6 in Long Blades
  2718 | D:5      | Reached XP level 7. HP: 35/46 MP: 10/10
  2871 | D:5      | Reached skill level 7 in Long Blades
  3022 | D:5      | Found a transporter.
  3035 | D:5      | Found a one-way gate to the infinite horrors of the Abyss.
  3035 | D:5      | Noticed ragingrage's ghost (novice VSCK)
  3050 | D:5      | Found a transporter.
  3051 | D:5      | Noticed a steam dragon
  3066 | D:5      | Killed a steam dragon
  3069 | D:5      | Killed from afar by a white imp

Illustrated notes

Levels and vault maps discovered:
D:1:      lightli_arrival_windingriver, layout_basic, minmay_tetromino_i2
D:2:      layout_basic, shapermc_ecumenical_altar_mp_ritualfount,
          chequers_serial_rivers_marsh, hangedman_glass_teeth,
          nicolae_shop_unique_rings
D:3:      minmay_roachtagon, layout_loops_ring, corner_web_ring
D:4:      layout_cave_pools, uniq_grinder
D:5:      wander_river, layout_basic, gammafunk_ghost_abyssal_escape

Skill      XL: |  1  2  3  4  5  6  7 |
---------------+----------------------+-----
Transmutations | 1 |  1.1
Stealth        | 2 |  2.0
Dodging        | 2 |  2.0
Short Blades   | 1 |  1.5
Long Blades    | 1 3 5 6 7 |  7.8
Spellcasting   | |  2.1
Earth Magic    | |  2.8

Action                   |  1- 3 |  4- 6 |  7- 9 || total
-------------------------+-------+-------+-------++-------
Melee: Unarmed           |     1 |       |       ||     1
       Dagger            |    33 |       |       ||    33
       Falchion          |    28 |   129 |    65 ||   222
       Punch             |       |     1 |       ||     1
 Cast: Sandblast         |     9 |     3 |     1 ||    13
  Use: Scroll            |     2 |     6 |       ||     8
       Potion            |       |     2 |       ||     2
 Stab: Sleeping          |     3 |     1 |     2 ||     6
Armor: Robe              |     9 |    36 |    18 ||    63
       Skin              |       |    14 |       ||    14
Dodge: Dodged            |    46 |    60 |    34 ||   140

Table legend: (Time is in decaauts)
 A = Elapsed time spent in this place.
 B = Non-inter-level travel time spent in this place.
 C = Inter-level travel time spent in this place.
 D = Time resting spent in this place.
 E = Time spent auto-exploring this place.
 F = Levels seen in this place.
 G = Mean time per level.
                   A        B        C        D        E       F      G
               +--------+--------+--------+--------+--------+-----+--------+
         Total |   3083 |   2945 |    138 |      0 |   2240 |   5 |  616.6 |
       Dungeon |   3083 |   2945 |    138 |      0 |   2240 |   5 |  616.6 |
               +--------+--------+--------+--------+--------+-----+--------+

Top non-repeatable levels by time:
     D:1: 811 daAuts
     D:3: 744 daAuts
     D:4: 586 daAuts
     D:2: 586 daAuts
     D:5: 354 daAuts
